 Dungeon Crawl Stone Soup version 0.13-a0-2716-gc56f784 (webtiles) character file.

82204 Infinimo the Executioner (level 15, -3/109 (111) HPs)
             Began as a Minotaur Berserker on Aug 17, 2013.
             Was the Champion of Trog.
             Slain by Agnes
             ... wielding a +4,+2 lajatang of speed
              (14 damage)
             ... on Level 14 of the Dungeon.
             The game lasted 01:05:03 (27626 turns).

Infinimo the Executioner (Minotaur Berserker)      Turns: 27626, Time: 01:05:03

HP  -3/109 (111) AC 26     Str 21      XL: 15   Next: 28%
MP   5/5         EV  8     Int 13      God: Trog [******]
Gold 201         SH  0     Dex 17      Spells:  0 memorised, 14 levels left

Res.Fire  : + + .   See Invis. : +   H - +0,+5 executioner's axe (freeze)
Res.Cold  : + . .   Warding    : .   G - +7 chain mail of Xuagh {Dex+2 Int+2}
Life Prot.: . . .   Conserve   : .   (no shield)
Res.Poison: .       Res.Corr.  : .   (helmet restricted)
Res.Elec. : .       Clarity    : +   K - +2 dwarf cloak
Sust.Abil.: . .     Spirit.Shd : .   C - +0 pair of gloves {Dex+3}
Res.Mut.  : .       Stasis     : .   (no boots)
Res.Rott. : .       Flight     : .   r - amulet of Yddu Dil {Clar rF++ SInv}
Saprovore : . . .                    A - +3 ring of intelligence
                                     x - ring of protection from cold

@: about to teleport, somewhat resistant to hostile enchantments, extremely
unstealthy
A: retaliatory headbutt, horns 2, Int -1
a: Burn Spellbooks, Berserk, Trog's Hand, Brothers in Arms, Renounce Religion


You were on level 14 of the Dungeon.
You worshipped Trog.
Trog was exalted by your worship.
You were near starving.

You visited 3 branches of the dungeon, and saw 26 of its levels.
You also visited: Ice Cave.

You collected 2876 gold pieces.
You spent 2695 gold pieces at shops.

Inventory:

Hand weapons
 E - the +3,+3 hand axe "Tacvynn" (quivered) {flame, +Blink +Fly Stlth+}
   (You found it on level 7 of the Dungeon)

   It emits flame when wielded, causing extra injury to most foes and up to
   double damage against particularly susceptible opponents.
   Big, fiery blades are also staple armaments of hydra-hunters.
   It lets you fly.
   It lets you blink.
   It makes you much more stealthy.
 H - a +0,+5 executioner's axe of freezing (weapon)
Armour
 C - a +0 pair of gloves of dexterity (worn)
 G - the +7 chain mail of Xuagh (worn) {Dex+2 Int+2}
   (You bought it in a shop on level 4 of the Dungeon)

   It affects your intelligence (+2).
   It affects your dexterity (+2).
 K - a +2 dwarven cloak (worn)
Magical devices
 d - a wand of cold (9)
 m - a wand of fire (4)
 p - a wand of flame (7)
 w - a wand of digging (24)
 B - a wand of slowing (15) {unknown}
Comestibles
 b - a choko
 c - 6 bread rations
 h - 7 meat rations
 q - a royal jelly
Scrolls
 a - 4 scrolls of remove curse
 f - a scroll of identify
 j - 3 scrolls of teleportation
 u - a scroll of blinking
 y - 2 scrolls of magic mapping
 F - 2 scrolls of fear
 O - 3 scrolls of fog
Jewellery
 g - a cursed +2 ring of protection
 k - an uncursed amulet of resist mutation
 r - the amulet of Yddu Dil (around neck) {Clar rF++ SInv}
   (You bought it in a shop on level 4 of the Orcish Mines)

   [amulet of clarity]

   It greatly protects you from fire.
   It enhances your eyesight.
 x - a ring of protection from cold (left hand)
 A - a +3 ring of intelligence (right hand)
Potions
 e - 8 potions of curing
 i - 2 potions of resistance
 l - 3 potions of heal wounds
 n - 5 potions of might
 s - 3 potions of magic
 t - 2 potions of invisibility
 v - 2 potions of flight
 z - a potion of agility
 I - a potion of speed
 J - 3 potions of restore abilities
Books
 L - a book of the Warp

   Spells                             Type                      Level
   Recall                             Summoning/Translocation      3
   Control Teleport                   Charms/Translocation         4
   Phase Shift                        Translocation                5
   Warp Weapon                        Charms/Translocation         5
   Dispersal                          Translocation                6
   Controlled Blink                   Translocation                7
   Disjunction                        Translocation                8
   Trog disapproves of the use of such an item.


   Skills:
 - Level 3.6 Fighting
 * Level 24.0 Axes
 + Level 17.4 Armour
 - Level 2.1 Dodging
 - Level 1.0 Stealth


You had 14 spell levels left.
You didn't know any spells.

Dungeon Overview and Level Annotations

Branches:
Dungeon (14/27)            Temple (0/1) D:6             Orc (4/4) D:8
    Elf (0/3) Orc:4          Lair (8/8) D:8          Shoals (0/5) Lair:5
  Snake (0/5) Lair:4        Slime (0/6) Lair:7

Altars:
Ashenzari
Cheibriados
Elyvilon
Fedhas
Okawaru
Sif Muna
Trog
Vehumet
Yredelemnul
the Shining One
Beogh
Jiyva

Shops:
D:4: [ D:7: / D:8: ( D:12: [ D:13: =%(* Orc:2: ( Orc:4: (=*[

Annotations
D:12 Nessos
D:14 Agnes


Innate Abilities, Weirdness & Mutations

You reflexively headbutt those who attack you in melee.
You have a pair of horns on your head.
You are dopey (Int -1).


Message History

Agnes throws a stone.
The stone hits you!
Agnes throws a stone.
The stone hits you!
You see here a stone.
Agnes barely misses you. Agnes hits you with a runed lajatang.
Agnes screams, "Give me all your money!"
There is an escape hatch in the ceiling here.
Agnes hits you with a runed lajatang!
* * * LOW HITPOINT WARNING * * *
Read which item? (? for menu, Esc to quit)
As you read the scroll of teleportation, it crumbles to dust.
You feel strangely unstable. Agnes hits you with a runed lajatang.
* * * LOW HITPOINT WARNING * * *
Agnes hits you with a runed lajatang!
* * * LOW HITPOINT WARNING * * *
You headbutt Agnes.
Agnes is lightly wounded.
Agnes barely misses you. Agnes hits you with a runed lajatang!
You die...

.#.#######.........####.##.......
.........'.........'....##.####..
...#######.........#######.# #..
...#.(...((................# #..
#..#(###########.########..# ###
..i#(# #.# #..# ##(#(# #.#
#..###### ..(#.# ######i#
#........
##(#.######.....@########.#######
..(i......+......................
.....######......###.......######
###### #......# #.......#
+......# #.......# #......#
#.......# #......# #.......#
......# #.......# .##+##
#.......#


You could see Agnes.

Vanquished Creatures
  Saint Roka (Orc:4)
  Nikola (D:14)
  Maud (D:14)
  The ghost of crypto177 the Prestidigitator, a powerful DjFi of Nemelex Xobeh (Lair:6)
  Harold (D:12)
  3 hydras
  A ravenous feature mimic (Lair:7)
  11 death yaks (Lair:8)
  A centaur warrior (D:13)
  An orc high priest (Orc:4)
  Urug (Orc:3)
  Nergalle (D:12)
  3 catoblepae (Lair:8)
  2 unseen horrors
  2 ice statues (IceCv)
  Erolcha (D:9)
  3 hill giants
  4 orc knights (Orc:4)
  Joseph (Orc:3)
  A griffon (Lair:5)
  5 orc sorcerers (Orc:4)
  4 cyclopes
  4 black mambas
  Maurice (Orc:2)
  25 elephants
  A feature mimic (Lair:4)
  5 spiny frogs
  A fire drake (Lair:8)
  A hydra zombie (D:10)
  An iron devil (Orc:4)
  A wandering mushroom (Lair:7)
  2 two-headed ogres
  The ghost of JacquesDerrida the Vexing, an experienced KoEn of Nemelex Xobeh (D:5)
  4 trolls
  2 polar bears
  7 komodo dragons
  5 slime creatures
  9 blink frogs
  2 hydra skeletons
  2 boulder beetles
  A vampire (D:12)
  A shark (D:9)
  5 ugly things
  2 shadows
  A trapdoor spider (D:14)
  46 yaks
  A chaos spawn (Orc:4)
  2 deep elf magi (D:14)
  2 wyverns
  4 elephant slugs
  A neqoxec (Orc:4)
  11 hippogriffs
  Grum (Orc:2)
  14 wolves
  A golden eye (shapeshifter) (D:13)
  A deep elf fighter (D:14)
  A necrophage (D:12)
  2 manticores
  9 vampire mosquitoes
  11 porcupines
  A phantom (D:14)
  A giant goldfish (D:9)
  9 ogres
  5 centaurs
  A black bear (D:10)
  28 orc warriors
  3 sky beasts
  13 crocodiles
  9 ice beasts
  A yellow wasp (D:12)
  A blink frog skeleton (D:12)
  3 big kobolds
  6 giant slugs
  A brain worm (Lair:7)
  3 agate snails
  A manticore zombie (D:14)
  15 water moccasins
  12 giant frogs
  2 wyvern skeletons
  A yak zombie (D:12)
  A hippogriff zombie (D:14)
  An eye of draining (D:9)
  11 wights
  A troll skeleton (D:10)
  4 killer bees (D:13)
  6 jellyfish
  3 electric eels (D:9)
  A yak skeleton (D:11)
  3 quasits
  8 spiders (Lair:4)
  A yellow wasp zombie (D:8)
  A black bear zombie (D:6)
  7 crimson imps
  A water moccasin skeleton (D:8)
  Crazy Yiuf (D:7)
  4 jellies
  19 orc priests
  A two-headed ogre zombie (D:9)
  24 orc wizards
  9 hounds
  8 iguanas
  4 scorpions
  3 big fish
  8 worker ants
  26 sheep
  6 orange rats (Lair:5)
  A sky beast zombie (D:10)
  A mottled dragon skeleton (D:11)
  A hound skeleton (D:9)
  A worker ant zombie (D:10)
  18 adders
  36 green rats
  3 lemures
  3 giant centipedes
  A white imp (Orc:4)
  An inept feature mimic (D:2)
  A worm (D:6)
  3 ufetubi (Orc:4)
  2 adder skeletons
  5 orc zombies (Orc:4)
  An iguana skeleton (D:5)
  4 giant eyeballs
  8 giant geckos
  An ooze (D:4)
  158 orcs
  14 bats
  4 giant cockroaches
  18 goblins
  24 hobgoblins
  20 jackals
  8 quokkas
  A giant cockroach zombie (D:6)
  A giant gecko skeleton (D:8)
  8 giant newts
  A giant spore (D:6)
  A jackal zombie (D:5)
  23 kobolds
  3 orc skeletons (Orc:4)
  A quokka skeleton (D:4)
  20 rats
  A spectral orc (D:2)
  9 ballistomycetes
  4 fungi
  7 plants
936 creatures vanquished.

Vanquished Creatures (others)
  An orc wizard (Orc:4)
  An orc (Orc:1)
  2 giant spores
  A fungus (Lair:8)
  2 plants
7 creatures vanquished.

Grand Total: 943 creatures vanquished

Notes
Turn   | Place    | Note
--------------------------------------------------------------
     0 | D:1      | Infinimo, the Minotaur Berserker, began the quest for the Orb.
     0 | D:1      | Reached XP level 1. HP: 19/19 MP: 0/0
    69 | D:1      | Reached skill level 4 in Axes
    84 | D:1      | Reached XP level 2. HP: 23/26 MP: 0/0
   451 | D:1      | Acquired Trog's second power
   540 | D:1      | Reached skill level 5 in Axes
   901 | D:1      | Reached XP level 3. HP: 33/33 MP: 1/1
  1539 | D:2      | Found a white marble altar of Elyvilon.
  1555 | D:2      | Reached XP level 4. HP: 36/39 MP: 1/1
  1671 | D:2      | Found a basalt altar of Yredelemnul.
  1765 | D:2      | Reached skill level 6 in Axes
  1969 | D:3      | Paralysed by a giant eyeball for 4 turns
  1994 | D:3      | Found a deep blue altar of Sif Muna.
  2670 | D:4      | Reached XP level 5. HP: 46/46 MP: 1/1
  2673 | D:4      | Reached skill level 7 in Axes
  2989 | D:4      | Reached XP level 6. HP: 48/52 MP: 2/2
  3047 | D:4      | Found Dem Skits' Antique Armour Boutique.
  3059 | D:4      | Reached skill level 8 in Axes
  3061 | D:4      | Acquired Trog's third power
  3319 | D:5      | Entered Level 5 of the Dungeon
  3485 | D:5      | Noticed JacquesDerrida's ghost (experienced KoEn)
  3530 | D:5      | Killed JacquesDerrida's ghost
  3530 | D:5      | Reached skill level 9 in Axes
  3530 | D:5      | Reached skill level 1 in Stealth
  3530 | D:5      | Reached XP level 7. HP: 51/59 MP: 2/2
  4047 | D:6      | Reached skill level 10 in Axes
  4574 | D:6      | Reached skill level 5 in Armour
  4578 | D:6      | Reached XP level 8. HP: 58/66 MP: 2/2
  4910 | D:6      | Reached skill level 11 in Axes
  5153 | D:6      | Found a staircase to the Ecumenical Temple.
  5316 | D:7      | Found Gyfif's Magical Wand Boutique.
  5598 | D:7      | Reached skill level 12 in Axes
  5864 | D:7      | Found a bloodstained altar of Trog.
  6032 | D:7      | Got a dazzling hand axe
  6046 | D:7      | Identified the hand axe "Tacvynn" {flame, +Blink +Fly Stlth+} (You found it on level 7 of the Dungeon)
  6058 | D:7      | Noticed Crazy Yiuf
  6066 | D:7      | Killed Crazy Yiuf
  6066 | D:7      | Reached XP level 9. HP: 72/72 MP: 3/3
  6286 | D:4      | Bought a warped chain mail for 240 gold pieces
  6307 | D:4      | Identified the +7 chain mail of Xuagh {Dex+2 Int+2} (You bought it in a shop on level 4 of the Dungeon)
  6456 | D:8      | Found Jaatemys' Weapon Boutique.
  6536 | D:8      | Found a staircase to the Lair.
  6915 | D:8      | Found a blossoming altar of Fedhas.
  6915 | D:8      | Found a radiant altar of Vehumet.
  6915 | D:8      | Found a shattered altar of Ashenzari.
  6923 | D:8      | Found a snail-covered altar of Cheibriados.
  6924 | D:8      | Found a bloodstained altar of Trog.
  6925 | D:8      | Found a glowing golden altar of the Shining One.
  7034 | D:8      | Found a staircase to the Orcish Mines.
  7049 | D:8      | Reached skill level 13 in Axes
  7364 | D:9      | Noticed Erolcha
  7372 | D:9      | Killed Erolcha
  7372 | D:9      | Reached skill level 14 in Axes
  7551 | D:9      | Reached XP level 10. HP: 79/79 MP: 3/3
  8338 | D:10     | Entered Level 10 of the Dungeon
  8452 | D:10     | Received a gift from Trog
  8490 | D:10     | Reached skill level 15 in Axes
  8761 | D:10     | Reached skill level 10 in Armour
  8995 | D:10     | Killed an unseen horror
  9168 | D:10     | Noticed a hill giant
  9173 | D:10     | Killed a hill giant
  9227 | D:10     | Reached skill level 16 in Axes
  9675 | D:11     | Killed an unseen horror
  9675 | D:11     | Reached XP level 11. HP: 72/84 MP: 3/3
  9786 | D:11     | Paralysed by a giant eyeball for 3 turns
  9943 | D:11     | Noticed a hill giant
  9950 | D:11     | Killed a hill giant
 10388 | D:12     | Found Wofolako's Antique Armour Shoppe.
 10388 | D:12     | Noticed a hill giant
 10395 | D:12     | Killed a hill giant
 10446 | D:12     | Bought a cloak for 25 gold pieces
 10446 | D:12     | Bought a dwarven cloak for 30 gold pieces
 10473 | D:12     | Noticed Nessos
 10938 | Lair:1   | Entered Level 1 of the Lair of Beasts
 11077 | Lair:1   | Reached skill level 17 in Axes
 11984 | Lair:2   | Found a radiant altar of Vehumet.
 12071 | Lair:2   | Reached skill level 18 in Axes
 12195 | Lair:2   | Received a gift from Trog
 12940 | Lair:3   | Reached XP level 12. HP: 88/92 MP: 4/4
 13078 | Lair:3   | Paralysed by you for 2 turns
 13186 | Lair:3   | Noticed a four-headed hydra
 13194 | Lair:3   | Killed a hydra
 13232 | Lair:3   | Noticed an eight-headed hydra
 13241 | Lair:3   | Killed a five-headed hydra
 13957 | Lair:3   | Reached skill level 19 in Axes
 14563 | Lair:4   | Received a gift from Trog
 14614 | Lair:4   | Got a crude robe
 14671 | Lair:4   | Identified the cursed -2 robe of Lelox {+Rage Curse} (You found it on level 4 of the Lair of Beasts)
 14707 | Lair:4   | Found a hole to the Spider Nest.
 14757 | Lair:4   | Found a staircase to the Snake Pit.
 14760 | Lair:4   | Got a warped leather armour
 15085 | Lair:4   | the hole to the Spider Nest was a mimic.
 15108 | Lair:4   | Identified the +2 leather armour of Narcissism {MR++ Dex+4} (You found it on level 4 of the Lair of Beasts)
 15354 | Lair:5   | Reached skill level 20 in Axes
 15502 | Lair:5   | Found a staircase to the Shoals.
 15844 | Lair:6   | Reached XP level 13. HP: 95/97 MP: 4/4
 16253 | Lair:6   | Received a gift from Trog
 16266 | Lair:6   | Noticed crypto177's ghost (powerful DjFi)
 16274 | Lair:6   | Killed crypto177's ghost
 16920 | Lair:7   | Reached skill level 21 in Axes
 17058 | Lair:7   | Received a gift from Trog
 17197 | Lair:7   | Found a frozen archway.
 17205 | Lair:7   | Reached skill level 15 in Armour
 17307 | Lair:7   | Found a viscous altar of Jiyva.
 17307 | Lair:7   | Found a staircase to the Slime Pits.
 17434 | IceCv    | Entered an ice cave
 17509 | IceCv    | Got a pair of pitted gloves
 17525 | Lair:7   | Identified the +0 pair of gloves "Shymo" {Dex-5} (You found it in an ice cave)
 17655 | Lair:8   | Entered Level 8 of the Lair of Beasts
 18603 | Lair:8   | Received a gift from Trog
 19032 | Lair:8   | Reached XP level 14. HP: 101/105 MP: 4/4
 19034 | Lair:8   | Reached skill level 22 in Axes
 19753 | Lair:8   | Received a gift from Trog
 20868 | Orc:1    | Entered Level 1 of the Orcish Mines
 20951 | Orc:1    | Found a roughly hewn altar of Beogh.
 21092 | Orc:2    | Noticed Grum
 21103 | Orc:2    | Killed Grum
 21285 | Orc:1    | Received a gift from Trog
 21484 | Orc:2    | Noticed Maurice
 21495 | Orc:2    | Killed Maurice
 21554 | Orc:2    | Found Daqy's Antique Weapon Emporium.
 21680 | Orc:3    | Noticed Urug
 21689 | Orc:3    | Killed Urug
 21880 | Orc:3    | Noticed Joseph
 21887 | Orc:3    | Killed Joseph
 22215 | Orc:4    | Entered Level 4 of the Orcish Mines
 22219 | Orc:4    | Received a gift from Trog
 22294 | Orc:4    | Found a roughly hewn altar of Beogh.
 22299 | Orc:4    | Noticed Saint Roka
 22571 | Orc:4    | Reached skill level 23 in Axes
 22823 | Orc:4    | Found an iron altar of Okawaru.
 23133 | Orc:4    | Killed Saint Roka
 23136 | Orc:4    | Gained mutation: You are dopey (Int -1). [a neqoxec]
 23650 | Orc:4    | Found Qodubliv's Jewellery Shoppe.
 24007 | Orc:4    | Found a staircase to the Elven Halls.
 24015 | Orc:4    | Received a gift from Trog
 24272 | Orc:4    | Found Mnamea's Antique Weapon Shoppe.
 24294 | Orc:4    | Bought the amulet of Yddu Dil {Clar rF++ SInv} for 824 gold pieces
 24389 | Orc:4    | Found Plealle's Antique Armour Shoppe.
 24395 | Orc:4    | Bought a blackened plate armour for 980 gold pieces
 24397 | Orc:4    | Identified the cursed -5 plate armour "Chycram" {Dex-3 Int+4} (You bought it in a shop on level 4 of the Orcish Mines)
 24493 | Orc:4    | Found Meushan's General Store.
 25008 | D:12     | Received a gift from Trog
 25114 | D:12     | Noticed Nergalle
 25131 | D:12     | Killed Nergalle
 25439 | D:12     | Noticed Harold
 25449 | D:12     | Killed Harold
 25449 | D:12     | Reached XP level 15. HP: 109/109 MP: 5/5
 25624 | D:13     | Found Riec's Assorted Antiques.
 25633 | D:13     | Bought a scroll labeled OMILOPP LEUCEM for 38 gold pieces
 25633 | D:13     | Bought a scroll labeled JUYRIE CYIRO for 38 gold pieces
 25713 | D:13     | Found Chedeut's Weapon Shop.
 25723 | D:13     | Found Cuzerghal's Food Boutique.
 26286 | D:13     | Paralysed by a giant eyeball for 4 turns
 26340 | D:13     | Found Botoeq Vegeck's Jewellery Shop.
 26432 | D:13     | Bought an uncursed amulet of resist mutation for 520 gold pieces
 26765 | D:14     | Entered Level 14 of the Dungeon
 26773 | D:14     | Noticed Agnes
 27400 | D:14     | Noticed Nikola
 27411 | D:14     | Killed Nikola
 27462 | D:14     | Noticed Maud
 27475 | D:14     | Killed Maud
 27475 | D:14     | Received a gift from Trog
 27475 | D:14     | Reached skill level 24 in Axes
 27626 | D:14     | Slain by Agnes

Action                   |  1- 3 |  4- 6 |  7- 9 | 10-12 | 13-15 || total
-------------------------+-------+-------+-------+-------+-------++-------
Melee: Hand axe          |    85 |    75 |   151 |    78 |     7 ||   396
       War axe           |       |    63 |   177 |       |       ||   240
       Battleaxe         |       |       |       |   253 |       ||   253
       Executioner's axe |       |       |       |   281 |  1011 ||  1292
Invok: Berserk           |     2 |     3 |     3 |     4 |    17 ||    29
       Trog's Hand       |       |     1 |     1 |       |     4 ||     6
Evoke: Wand              |       |       |     3 |     6 |     1 ||    10
  Use: Scroll            |     2 |    11 |     8 |    20 |    12 ||    53
       Potion            |       |     1 |       |     1 |     5 ||     7
 Stab: Sleeping          |       |     1 |       |       |       ||     1
